AoeStats
← matipalominos1

Arena

507294451Analyzed
1v1 RM · 16d ago on Sep 17, 2026· 27m 42s· 2 players
Game mode
Random Map
Map size
Tiny (2 player)
Population
200
Speed
Normal
Resources
Standard
Victory
Conquest
Starting age
Dark Age
Ending age
Imperial Age
RankedLock teamsTeams togetherTeam positionsShared explorationLock speedFull tech treeHidden civsTurbo modeCheats
Victory
Defeat
🇨🇳 Mongols · China
597
+15
🇨🇱 Sicilians · Chile
576
-15
matipalominos1
11:08 Feudal Age
18:48 Castle Age
17:50 Horse Collar
21:18 Forging
24:36 Iron Casting
帝国的铁手
11:16 Feudal Age
15:16 Castle Age
13:36 Double-Bit Axe
14:02 Horse Collar
19:04 Bow Saw
20:44 Loom
21:39 Wheelbarrow
Connection lost

Rejoining the realm…

Still unreachable

The connection could not be restored.

Session expired

The server has moved on; the page needs a fresh start.